Map: [ESL] Dragon Scales

Players

Kelazhur

  • Race: Terran Terran
  • League: Master
  • Spawn Location: 5:00

Lambo - Winner!

  • Race: Zerg Zerg
  • League: Master
  • Spawn Location: 11:00

Event: HomeStory Cup XXIII

VOD

Have the link to the VOD?

Description

Time

  • Played on: June 30, 2023, 8:28 a.m.
  • Length: 11:51

All games in this series

Show
View Real Time Build Order
Export as new Build Order

Kelazhur Terran 

Build Orders: Reaper Expand, Hellion Banshee 

Get SALT Encoding   

  12  0:00  SCV  
  13  0:12  SCV  
  14  0:17  Supply Depot  
  14  0:24  SCV  
  15  0:38  SCV  
  15  0:40  Barracks  
  15  0:42  Refinery  
  16  0:50  SCV  
  17  1:02  SCV  
  18  1:14  SCV  
  19  1:27  Orbital Command, Reaper  
  20  1:42  Command Center  
  20  1:50  Supply Depot  
  20  1:52  SCV  
  21  1:59  Marine  
  22  2:03  Factory  
  22  2:05  SCV  
  23  2:16  Marine  
  23  2:17  SCV  
  25  2:29  SCV  
  26  2:35  Barracks Reactor  
  26  2:41  SCV  
  27  2:44  Command Center  
  27  2:49  Hellion  
  29  2:53  SCV  
  29  2:55  Orbital Command  
  30  3:05  SCV  
  31  3:07  Starport  
  31  3:17  SCV  
  32  3:21  SCV  
  33  3:28  Hellion x2  
  33  3:29  SCV, Barracks Tech Lab  
  33  3:34  SCV  
  38  3:41  SCV  
  38  3:44  Refinery  
  38  3:46  SCV  
  40  3:49  Hellion x2  
  40  3:54  SCV  
  45  3:55  Banshee  
  45  3:57  Orbital Command  
  45  3:58  SCV  
  49  4:03  Supply Depot  
  49  4:04  Barracks Tech Lab  
  49  4:06  SCV  
  50  4:10  SCV  
  50  4:11  Hellion x2  
  55  4:18  SCV  
  55  4:22  Stimpack, SCV  
  55  4:23  Marine  
  55  4:24  SCV  
  59  4:25  Supply Depot  
  59  4:30  SCV  
  60  4:34  SCV  
  60  4:36  SCV  
  62  4:41  Supply Depot  
  62  4:42  SCV  
  63  4:46  SCV  
  63  4:47  Barracks  
  63  4:48  Barracks, SCV  
  63  4:51  Factory Reactor  
  63  4:52  Marine  
  66  4:54  SCV  
  66  4:57  Refinery  
  66  4:58  SCV  
  68  5:00  SCV, Refinery  
  68  5:06  SCV, Supply Depot  
  70  5:10  Marine, SCV, Engineering Bay x2  
  70  5:12  SCV  
  73  5:18  SCV  
  73  5:19  Starport Reactor  
  74  5:22  SCV  
  74  5:25  Barracks  
  74  5:27  Barracks, Orbital Command  
  76  5:30  Marine  
  76  5:31  SCV  
  76  5:34  Marine x2  
  76  5:35  SCV  
  80  5:37  Terran Infantry Weapons Level 1, Terran Infantry Armor Level 1  
  80  5:42  Marine x2  
  82  5:43  SCV  
  82  5:47  SCV, Siege Tank  
  82  5:48  Marine  
  88  5:52  Marine x2  
  88  5:53  SCV  
  88  5:55  SCV  
  92  5:57  Supply Depot  
  92  5:59  Marine, Supply Depot  
  93  6:04  Supply Depot  
  93  6:07  Combat Shield  
  93  6:09  Marine x2  
  93  6:10  SCV x2, Medivac x2  
  99  6:14  SCV  
  100  6:19  Siege Tank  
  100  6:22  SCV x2  
  100  6:23  Refinery  
  105  6:26  SCV, Barracks Reactor x2, Marine x3  
  105  6:27  Supply Depot  
  105  6:30  Supply Depot  
  105  6:31  Marine x2  
  111  6:33  Supply Depot  
  111  6:34  SCV x2  
  111  6:38  Armory  
  113  6:42  Medivac  
  113  6:44  Marine x3  
  113  6:45  SCV  
  119  6:49  Marine x2  
  119  6:52  Medivac, Supply Depot  
  123  6:55  Supply Depot  
  123  6:59  SCV  
  122  7:02  Marine  
  122  7:06  Marine  
  115  7:11  SCV  
  115  7:13  SCV x2  
  115  7:14  Marine  
  118  7:18  Command Center  
  118  7:19  Medivac  
  118  7:22  Medivac  
  122  7:28  Marine  
  122  7:29  SCV x2  
  125  7:32  SCV  
  125  7:33  Marine  
  125  7:34  Marine  
  128  7:40  Terran Infantry Weapons Level 2, Supply Depot  
  128  7:41  SCV x2, Terran Infantry Armor Level 2  
  130  7:46  Marine x2  
  130  7:50  SCV  
  133  7:53  SCV  
  134  7:58  Marine, Siege Tank  
  134  8:05  Marine  
  139  8:12  Marine  
  136  8:13  SCV  
  136  8:16  SCV, Marine  
  136  8:19  Marine  
  130  8:24  Marine  
  130  8:25  Barracks, Medivac  
  130  8:26  Medivac, Supply Depot  
  135  8:27  Barracks  
  135  8:29  Barracks  
  135  8:30  Siege Tank  
  135  8:31  Marine  
  122  8:46  Marine  
  112  8:49  Marine  
  112  8:50  SCV x3, Marine  
  112  8:53  Planetary Fortress  
  112  8:55  Marine  
  101  9:02  SCV x3  
  99  9:06  Marine  
  99  9:09  Marine  
  101  9:14  SCV x3  
  96  9:25  Marine  
  96  9:26  SCV x3  
  96  9:30  SCV  
  98  9:36  Marine  
  98  9:37  Siege Tank  
  102  9:38  SCV x3  
  102  9:42  SCV  
  106  9:47  Marine  
  106  9:50  SCV x2  
  106  9:51  SCV  
  110  9:53  Marine x2  
  110  9:55  SCV  
  93  10:04  Marine  
  93  10:05  Marine  
  87  10:14  SCV x3  
  87  10:15  SCV  
  87  10:19  Marine  
  86  10:25  Marine  
  86  10:26  SCV x3  
  86  10:27  SCV  
  80  10:35  Factory  
  80  10:38  SCV x2, Factory Reactor  
  80  10:39  SCV x2  
  80  10:41  Marine  
  85  10:47  Marine  
  85  10:49  Marine  
  87  10:50  Marine, SCV  
  87  10:51  SCV x3, Marine x4  
  87  10:52  Marine  
  97  10:59  Marine  
  97  11:03  Liberator, SCV x4  
  105  11:05  Marine  
  105  11:06  Marine  
  105  11:08  Marine x2  
  105  11:09  Marine x3  
  105  11:10  Marine  
  113  11:15  SCV x2  
  113  11:16  Marine  
  115  11:20  Widow Mine x2  
  115  11:23  Marine  
  115  11:24  Marine  
  115  11:25  SCV x2  
  121  11:26  Marine x3  
  121  11:27  Marine x3  
  121  11:29  SCV x2  
Show
View Real Time Build Order
Export as new Build Order

Lambo Zerg - Winner!

Build Orders: Pool First 

Get SALT Encoding   

  12  0:00  Drone  
  13  0:12  Overlord  
  13  0:17  Drone  
  14  0:31  Drone x2  
  14  0:34  Drone  
  17  0:44  Drone  
  17  0:45  Extractor  
  17  0:49  Spawning Pool  
  16  0:55  Drone  
  17  1:08  Drone  
  18  1:16  Hatchery  
  17  1:20  Drone  
  18  1:35  Queen  
  18  1:36  Zergling x2  
  18  1:38  Drone  
  22  1:48  Metabolic Boost  
  22  1:54  Overlord  
  22  2:11  Queen  
  22  2:13  Zergling x4  
  26  2:27  Drone  
  27  2:33  Hatchery  
  27  2:35  Drone x2  
  28  2:40  Drone  
  31  2:44  Drone x2  
  31  2:48  Drone  
  32  2:52  Drone  
  32  2:56  Overlord  
  33  3:04  Spore Crawler  
  32  3:06  Drone  
  32  3:08  Queen  
  36  3:19  Spore Crawler  
  34  3:21  Drone x6  
  41  3:30  Drone x2  
  41  3:31  Spore Crawler  
  42  3:38  Overlord  
  43  3:44  Queen  
  43  3:45  Queen  
  43  3:47  Overlord  
  47  3:49  Queen  
  47  3:55  Overlord  
  49  3:58  Drone  
  49  3:59  Drone x2  
  49  4:00  Zergling x2  
  53  4:04  Zergling x6  
  53  4:08  Overlord  
  56  4:11  Drone x2  
  56  4:15  Drone  
  59  4:19  Overlord  
  59  4:22  Drone x3  
  62  4:29  Queen  
  64  4:32  Queen  
  64  4:35  Zergling x4  
  64  4:36  Drone  
  64  4:37  Drone  
  70  4:41  Overlord  
  70  4:42  Drone x2  
  72  4:45  Overlord  
  72  4:46  Drone  
  73  4:53  Drone x2  
  73  4:56  Drone x2  
  73  4:58  Drone x2  
  73  4:59  Lair  
  79  5:02  Extractor  
  78  5:08  Hatchery  
  78  5:09  Drone, Spore Crawler  
  78  5:12  Drone x3  
  80  5:14  Zergling x2  
  80  5:18  Drone, Baneling Nest  
  80  5:21  Spore Crawler  
  80  5:22  Drone x2  
  80  5:25  Drone x2  
  80  5:26  Drone  
  85  5:28  Drone  
  85  5:31  Extractor, Spore Crawler  
  84  5:35  Drone x4  
  84  5:38  Extractor  
  84  5:39  Drone  
  84  5:40  Drone x4  
  92  5:46  Evolution Chamber x2  
  91  5:50  Drone x4  
  91  5:55  Spore Crawler  
  91  5:56  Overlord  
  93  5:58  Zergling x4  
  95  6:06  Zergling x4  
  95  6:09  Overlord  
  97  6:12  Overlord  
  97  6:14  Overlord  
  97  6:15  Zergling x12  
  97  6:16  Centrifugal Hooks  
  97  6:17  Zerg Ground Armor Level 1, Zerg Melee Weapons Level 1  
  103  6:21  Zergling x6  
  106  6:28  Zergling x4  
  108  6:35  Queen  
  108  6:37  Zergling x6  
  108  6:38  Zergling x10  
  108  6:39  Baneling x5  
  118  6:47  Zergling x12  
  118  6:49  Zergling x2  
  118  6:54  Baneling x8  
  125  6:56  Zergling x6  
  127  7:05  Zergling x10  
  125  7:09  Drone x4  
  125  7:15  Drone x3  
  128  7:17  Spore Crawler  
  128  7:18  Drone  
  127  7:23  Drone  
  127  7:36  Zergling x2  
  128  7:42  Baneling x5  
  128  7:43  Baneling x2  
  128  7:50  Zergling x2  
  128  7:54  Zergling x4  
  128  7:56  Baneling x3  
  128  8:01  Overlord x2  
  125  8:08  Hatchery  
  125  8:09  Zergling x14  
  124  8:14  Zergling x14  
  124  8:16  Zergling x2  
  128  8:21  Zergling x10  
  128  8:24  Zergling x2  
  131  8:27  Zergling x2  
  131  8:28  Hatchery  
  131  8:32  Zerg Ground Armor Level 2, Zerg Melee Weapons Level 2  
  129  8:35  Zergling x12  
  123  8:42  Zergling x2  
  123  8:43  Zergling x2  
  123  8:44  Baneling x11  
  123  8:45  Queen x2  
  123  8:47  Zergling x2  
  123  8:48  Zergling x4  
  123  8:53  Zergling x4  
  123  8:54  Baneling x5  
  120  8:58  Overlord  
  120  8:59  Overlord  
  113  9:04  Baneling x7  
  113  9:06  Overlord  
  109  9:13  Overlord  
  109  9:16  Queen  
  110  9:20  Queen  
  110  9:22  Zergling x28  
  113  9:26  Zergling x4  
  115  9:31  Baneling x5  
  115  9:34  Zergling x4  
  115  9:37  Zergling x4  
  119  9:45  Zergling x12  
  125  9:48  Zergling x8  
  129  9:59  Overlord  
  121  10:05  Zergling x6  
  116  10:15  Zergling x10  
  116  10:19  Zergling x14  
  116  10:20  Zergling x10  
  125  10:24  Overlord  
  125  10:27  Queen  
  119  10:28  Zergling x2  
  119  10:33  Overlord  
  118  10:35  Overlord  
  118  10:36  Queen, Hatchery  
  118  10:37  Overlord  
  118  10:39  Queen, Infestation Pit  
  118  10:40  Overlord  
  118  10:41  Baneling x8  
  118  10:47  Zergling x14  
  125  10:51  Zergling x2  
  125  10:52  Hatchery  
  125  10:57  Drone x2  
  127  11:00  Zergling x8  
  130  11:04  Zergling x14  
  130  11:08  Zergling x2  
  130  11:10  Zergling x2  
  138  11:17  Zergling x4  
  138  11:18  Zergling x8  
  143  11:23  Zergling x2  
  141  11:30  Zergling x12  
  138  11:33  Zergling x12  
Tags
 
Add a new tag
Caveats
  • Supply blocks, unpowered buildings, or Contaminate may cause inaccurate times.
  • Supply counts are checked every 10 seconds.